 Dungeon Crawl Stone Soup version 0.27-a0-819-g058290f16d (webtiles) character file.

Game seed: 5474493291467661967

15 Lanoc the Skirmisher (level 2, 0/21 HPs)
             Began as an Octopode Abyssal Knight on Mar 30, 2021.
             Was a Follower of Lugonu.
             Slain by a quokka (4 damage)
             ... on level 1 of the Dungeon.
             The game lasted 00:00:54 (325 turns).

Lanoc the Skirmisher (Octopode Abyssal Knight)       Turns: 325, Time: 00:00:55

Health: 0/21       AC:  1    Str: 11    XL:     2   Next: 50%
Magic:  3/3        EV: 13    Int: 14    God:    Lugonu [*.....]
Gold:   78         SH:  0    Dex: 11    Spells: 1/1 levels left

rFire    . . .     SeeInvis .   a - +1 spear
rCold    . . .     Faith    .   (no shield)
rNeg     . . .     Spirit   .   (helmet restricted)
rPois    .         Reflect  .   (no amulet)
rElec    .         Harm     .   (no ring)
rCorr    .         Rampage  .   (no ring)
Will     .....                  (no ring)
Stlth    ++........             (no ring)
HPRegen  0.07/turn              (no ring)
MPRegen  0.08/turn              (no ring)
                                (no ring)
                                (no ring)

@: no status effects
A: almost no armour, amphibious, 8 rings, camouflage 1, gelatinous body 1,
(nimble swimmer 1), tentacles
a: Renounce Religion, Depart the Abyss


You were on level 1 of the Dungeon.
You worshipped Lugonu.
Lugonu was aware of your devotion.
You visited 1 branch of the dungeon, and saw 1 of its levels.
You visited the Abyss 1 time.

You collected 78 gold pieces.

Inventory:

Hand Weapons
 a - a +1 spear (weapon)
Scrolls
 b - a scroll of enchant armour


   Skills:
 + Level 3.1 Fighting
 * Level 2.4 Polearms
 + Level 2.5 Dodging
 + Level 2.2 Invocations


You had one spell level left.
You didn't know any spells.
Your spell library was empty.

Dungeon Overview and Level Annotations

Branches:
Dungeon (1/15)

Altars:


Innate Abilities, Weirdness & Mutations

You cannot wear most types of armour.
You are amphibious.
You can wear up to eight rings at the same time.
Your skin changes colour to match your surroundings (Stealth+).
Your rubbery body absorbs attacks. (AC +1, EV +1)
((You are camouflaged near water. (Stealth+)))
You have tentacles for arms and can constrict up to eight enemies at once.


Message History

You constrict the rat.
You kill the rat!
Lugonu accepts your kill. The jackal bites you. The jackal misses you.
You barely miss the jackal. Your grab misses the jackal.
You squeeze the jackal.
You kill the jackal!
Lugonu accepts your kill.
You see here a rat corpse.
A jackal comes into view.
You are too injured to fight recklessly!
You are too injured to fight recklessly!
The jackal completely misses you.
You hit the jackal.
You kill the jackal!
Lugonu accepts your kill.
A goblin comes into view. It is wielding a +0 club.
You are too injured to fight recklessly!
You are too injured to fight recklessly!
The goblin shouts!
You barely miss the goblin. You grab the goblin.
You squeeze the goblin, but do no damage.
You constrict the goblin. The goblin barely misses you.
You hit the goblin.
You kill the goblin!
Lugonu accepts your kill.
A quokka comes into view.
Things that are here:
a +0 club; a goblin corpse You are too injured to fight recklessly!
A rat comes into view.
The quokka misses you.
You miss the quokka. You grab the quokka.
You constrict the quokka, but do no damage.
The quokka bites you. x2
* * * LOW HITPOINT WARNING * * *
You hit the quokka.
The quokka is heavily wounded.
You constrict the quokka. The quokka bites you.
You die...

#..# #.#.#.# .#
###..###...#.##.##
.......†..........
###.#...†.....##.#
#.#..)†.....##.#
#.#......$..##.# #
.....#...#..##.# .#
...####......##.#..##.#
#### #......).@r......
##.#...#.r#..###.
#....##.....#
###.###..##.# .... ...#
# #####.#### . #


You could see a quokka and a rat.

Vanquished Creatures
  A ball python (D:1)
  3 goblins (D:1)
  A hobgoblin (D:1)
  3 jackals (D:1)
  A frilled lizard (D:1)
  5 rats (D:1)
14 creatures vanquished.

Notes
Turn   | Place    | Note
-------+----------+-------------------------------------------
     0 | Abyss:1  | Lanoc the Octopode Abyssal Knight began the quest for the
                  | Orb.
     0 | Abyss:1  | Reached XP level 1. HP: 16/16 MP: 2/2
   116 | Abyss:2  | Noticed a small abomination
   119 | Abyss:2  | Noticed a small abomination
   124 | Abyss:2  | Noticed a lindwurm
   126 | Abyss:2  | Noticed a large abomination
   136 | D:1      | Escaped the Abyss
   218 | D:1      | Reached * piety under Lugonu
   293 | D:1      | Reached XP level 2. HP: 13/21 MP: 3/3
   325 | D:1      | Slain by a quokka

Illustrated notes

Levels and vault maps discovered:
D:1:      mrwooster_arrival_statue, layout_loops_ring, serial_shops,
          nicolae_shop_trees, hex_large

Action                   || total
-------------------------++-------
Melee: Spear             ||    32
       Constrict         ||     7
       Tentacles         ||     5
Invok: Depart the Abyss  ||     1
  Use: Scroll            ||     2
 Stab: Sleeping          ||     1
Dodge: Dodged            ||    22

Table legend: (Time is in decaauts)
 A = Elapsed time spent in this place.
 B = Non-inter-level travel time spent in this place.
 C = Inter-level travel time spent in this place.
 D = Time resting spent in this place.
 E = Time spent auto-exploring this place.
 F = Levels seen in this place.
 G = Mean time per level.
                   A        B        C        D        E       F      G
               +--------+--------+--------+--------+--------+-----+--------+
         Total |    324 |    324 |      0 |      0 |    229 |   3 |  108.0 |
       Dungeon |    188 |    188 |      0 |      0 |    121 |   1 |  188.0 |
         Abyss |    135 |    135 |      0 |      0 |    108 |   2 |   67.5 |
               +--------+--------+--------+--------+--------+-----+--------+

Top non-repeatable levels by time:
     D:1: 188 daAuts
 Abyss:2: 118 daAuts
 Abyss:1: 17 daAuts
